 Dungeon Crawl Stone Soup version 0.31-a0-204-g7da18cac08 (webtiles) character file.

Game seed: 1900012371838890863

105 qw the Skirmisher (level 4, -3/25 HPs)
             Began as a Deep Elf Hunter on June 27, 2023.
             Was an Initiate of Okawaru.
             Slain by a lemure (8 damage)
             ... led by Pikel
             ... on level 4 of the Dungeon.
             The game lasted 00:00:46 (2348 turns).

qw the Skirmisher (Deep Elf Hunter)                 Turns: 2348, Time: 00:00:47

Health: -3/25      AC:  6    Str: 10    XL:     4   Next: 54%
Magic:  6/6        EV: 11    Int: 14    God:    Okawaru [......]
Gold:   78         SH:  0    Dex: 18    Spells: 3/3 levels left

rFire   . . .        Y - +0 shortbow
rCold   + . .        (shield currently unavailable)
rNeg    . . .        f - +1 ring mail
rPois   .            (no helmet)
rElec   .            (no cloak)
rCorr   +            (no gloves)
SInv    .            (no boots)
Will    .....        (no amulet)
Stlth   +            e - ring of resist corrosion
HPRegen 0.24/turn    j - ring of protection from cold
MPRegen 0.10/turn

%: no passive effects
@: no status effects
A: no striking features
a: Renounce Religion


You were on level 4 of the Dungeon.
You worshipped Okawaru.
Okawaru was noncommittal.
You visited 1 branch of the dungeon, and saw 4 of its levels.

You collected 168 gold pieces.
You spent 90 gold pieces at shops.


   Skills:
 - Level 1.5 Fighting
 + Level 8.0 Ranged Weapons
 - Level 2.4 Dodging
 - Level 1.2 Stealth


You had 3 spell levels left.
You didn't know any spells.
Your spell library was empty.

Inventory:

Hand Weapons
 Y - a +0 shortbow (weapon)
Armour
 f - a +1 ring mail (worn)
Jewellery
 e - a ring of resist corrosion (left hand)
 j - a ring of protection from cold (right hand)
Wands
 c - a wand of digging (5)
Scrolls
 h - 3 scrolls of identify
Potions
 a - a potion of attraction {unknown}
 b - a potion of brilliance {unknown}
 d - a potion of mutation {unknown}
 g - a potion of resistance
 k - a potion of enlightenment {unknown}
 l - a potion of lignification {unknown}
 m - a potion of curing {unknown}

Dungeon Overview and Level Annotations

Branches:
Dungeon (4/15)
 Temple: D:4-7

Altars:
Cheibriados
Okawaru

Shops:
D:2 ?

Annotations:
D:4 Pikel


Message History

Pikel shouts!
A lemure comes into view.
Pikel moves out of view.
Enter note:
Enter note: You shoot an arrow.
The arrow completely misses the lemure.
You shoot an arrow.
The arrow hits Pikel but does no damage.
You shoot an arrow. The arrow hits the lemure.
The lemure is moderately wounded.
A lemure comes into view. x2
You shoot an arrow. The arrow hits the lemure.
The lemure is moderately wounded.
You shoot an arrow. The arrow closely misses the lemure.
You shoot an arrow. The arrow hits the lemure.
The lemure is heavily wounded.
The lemure completely misses you.
You shoot an arrow. The arrow completely misses the lemure.
The arrow hits Pikel.
Pikel is lightly wounded.
The lemure hits you.
You shoot an arrow.
The arrow hits the lemure but does no damage.
The lemure is heavily wounded.
Pikel says, "I touched Geryon's horn once."
You shoot an arrow. The arrow hits Pikel.
Pikel is moderately wounded.
You shoot an arrow.
The arrow hits the lemure but does no damage.
The lemure is heavily wounded.
Pikel hits you with a +1 whip of flaming!
Pikel burns you.
A lemure comes into view.
You shoot an arrow. The lemure shouts!
The arrow hits the lemure!
The lemure is almost dead.
Pikel hits you with a +1 whip of flaming.
Pikel burns you. The lemure hits you!
You die...

...........########.##.#
#7~~~~~~
....._...........##.##.#
#~~~~~~
.......................#
#~P~~~~
...........#........####
#~~P~~P
###.....####.###.####
#.....# #.:......#
#.....# #..###.###
#.#... ..#.# #.## .#
#.#.# #@5# .......K5#
##.#....5.# #####..#
##.# .5 .. #..


You could see Pikel and 4 lemures.

Vanquished Creatures
  A mummy (D:4)
  4 adders (D:2)
  A worm (D:2)
  2 dart slugs (D:1)
  An orc (D:3)
  6 bats
  6 endoplasms
  A giant cockroach (D:2)
  3 goblins
  5 hobgoblins
  7 kobolds
  4 ball pythons
  3 frilled lizards
  6 rats
50 creatures vanquished.

Notes
Turn   | Place    | Note
-------+----------+-------------------------------------------
     0 | D:1      | qw the Deep Elf Hunter began the quest for the Orb.
     0 | D:1      | Reached XP level 1. HP: 12/12 MP: 3/3
     0 | D:1      | 0 ||| qw: Version: 0.3-a-22-g0ed2b0b
     0 | D:1      | 0 ||| qw: Game counter: 6399
     0 | D:1      | 0 ||| qw: Melee chars always use a shield: true
     0 | D:1      | 0 ||| qw: God list: Okawaru
     0 | D:1      | 0 ||| qw: Allow faded altars: false
     0 | D:1      | 0 ||| qw: Do Orc after clearing Dungeon:15 true
     0 | D:1      | 0 ||| qw: Do second Lair branch before Depths: true
     0 | D:1      | 0 ||| qw: Lair rune preference: random
     0 | D:1      | 0 ||| qw: Goals: Normal
     0 | D:1      | 0 ||| PLANNING D:1-11
   171 | D:1      | 171 ||| FLEEEEING.
   172 | D:1      | 172 ||| FLEEEEING.
   175 | D:1      | 175 ||| FLEEEEING.
   193 | D:1      | Reached XP level 2. HP: 16/16 MP: 4/4
   194 | D:1      | Reached skill level 6 in Ranged Weapons
   683 | D:1      | 683 ||| UPGRADING to +0 ring mail.
   693 | D:1      | 693 ||| DROPPING +0 leather armour.
   694 | D:1      | 694 ||| DROPPING +2 robe of willpower.
   695 | D:1      | 695 ||| UPGRADING to amulet of guardian spirit.
   700 | D:1      | 700 ||| READING scroll labelled PUKHE ONIOJE.
   701 | D:1      | 701 ||| DROPPING scroll of butterflies.
   733 | D:2      | Found a faded altar of an unknown god.
   783 | D:2      | Reached XP level 3. HP: 17/20 MP: 2/5
   841 | D:2      | Reached skill level 7 in Ranged Weapons
  1046 | D:2      | Reached XP level 4. HP: 24/25 MP: 6/6
  1375 | D:2      | Found Yvaloott's Magic Scroll Boutique.
  1378 | D:2      | 1378 ||| SHOPLISTING 3 scrolls of enchant weapon (270 gold,
                  | have 106).
  1378 | D:2      | 1378 ||| BUYING scroll of enchant armour (90 gold).
  1378 | D:2      | Bought a scroll of enchant armour for 90 gold pieces
  1378 | D:2      | 1378 ||| SHOPLISTING scroll of enchant weapon (90 gold,
                  | have 16).
  1378 | D:2      | 1378 ||| SHOPLISTING scroll of identify (24 gold, have 16).
  1378 | D:2      | 1378 ||| SHOPLISTING scroll of teleportation (36 gold, have
                  | 16).
  1378 | D:2      | 1378 ||| READING scroll of enchant armour.
  1378 | D:2      | 1378 ||| ENCHANTING +0 ring mail.
  1432 | D:2      | 1432 ||| Stepping ~*~*~tactically~*~*~ (water).
  1434 | D:2      | 1434 ||| Stepping ~*~*~tactically~*~*~ (water).
  1562 | D:2      | 1562 ||| UPGRADING to ring of resist corrosion.
  1563 | D:2      | 1563 ||| READING scroll labelled TAABLAOTES.
  1564 | D:2      | 1564 ||| DRINKING 2 fuming brown potions.
  1708 | D:3      | Found an iron altar of Okawaru.
  1709 | D:3      | 1709 ||| PLANNING OKAWARU WORSHIP
  1758 | D:3      | Became a worshipper of Warmaster Okawaru
  1759 | D:3      | 1759 ||| PLANNING D:1-11
  1759 | D:3      | 1759 ||| REMOVING amulet of guardian spirit.
  2181 | D:3      | 2181 ||| DROPPING amulet of guardian spirit.
  2182 | D:3      | 2182 ||| UPGRADING to ring of protection from cold.
  2183 | D:3      | 2183 ||| READING scroll labelled PECUGEA XYUKYO.
  2306 | D:4      | Found a snail-covered altar of Cheibriados.
  2313 | D:4      | Reached skill level 8 in Ranged Weapons
  2337 | D:4      | Noticed Pikel
  2337 | D:4      | Noticed a lemure
  2340 | D:4      | Noticed a lemure
  2340 | D:4      | Noticed a lemure
  2347 | D:4      | Noticed a lemure
  2348 | D:4      | HP: 6/25 [Pikel/+1 whip of flaming (3)]
  2348 | D:4      | Slain by a lemure

Levels and vault maps discovered:
D:1:      lemuel_arrival_tunnels, layout_basic
D:2:      layout_loops_ring, chequers_ecumenical_altar_island, serial_shops,
          nicolae_shop_rolled_up, lemuel_flame_loot_1
D:3:      layout_basic, mainiacjoe_overflow_catwalk
D:4:      layout_loops_ring, nicolae_tso_carved_into_rock, slow_altar_1,
          serial_shops, nicolae_shop_real_fake_doors, serial_bayou_ford_a,
          minmay_shop_grid_forest, uniq_pikel, uniq_ijyb

Skill      XL: |  1  2  3  4 |
---------------+-------------+-----
Ranged Weapons | 6 7 8 |  8.0
Fighting       | |  1.5
Dodging        | |  2.4
Stealth        | |  1.2

Action                     |  1- 3 |  4- 6 || total
---------------------------+-------+-------++-------
   Fire: Shortbow          |    91 |    55 ||   146
    Use: Scroll            |     1 |     3 ||     4
         Potion            |       |     1 ||     1
 Armour: Ring mail         |    12 |     5 ||    17
         Leather armour    |     1 |       ||     1
  Dodge: Dodged            |    25 |     7 ||    32

Table legend:
 A = Non-vault XP
 B = Vault XP
 C = Vault XP percentage of total XP
 D = Non-vault monster count
 E = Vault monster count
 F = Vault count percentage of total count
                 A         B        C        D         E       F
            +---------+---------+-------+---------+---------+-------
      Total |     133 |      18 |  11.9 |      49 |       1 |   2.0
            +---------+---------+-------+---------+---------+-------
        D:1 |      37 |       0 |   0.0 |      20 |       0 |   0.0
        D:2 |      84 |       0 |   0.0 |      23 |       0 |   0.0
        D:3 |       8 |       0 |   0.0 |       4 |       0 |   0.0
        D:4 |       4 |      18 |  81.8 |       2 |       1 |  33.3
            +---------+---------+-------+---------+---------+-------
